 Dungeon Crawl Stone Soup version 0.19-a0-276-g3ff07cd (webtiles) character file.

13 Ordine the Insei (level 2, 0/18 HPs)
             Began as an Octopode Transmuter on May 26, 2016.
             Slain by a bat (1 damage)
             ... on level 1 of the Dungeon.
             The game lasted 00:01:38 (428 turns).

Ordine the Insei (Octopode Transmuter)               Turns: 428, Time: 00:01:38

Health: 0/18       AC:  1    Str:  9    XL:     2   Next: 37%
Magic:  5/5        EV: 12    Int: 15    God:
Gold:   4          SH:  0    Dex: 12    Spells: 1 memorised, 4 levels left

rFire  . . .     SeeInvis .       - Unarmed
rCold  . . .     Gourm    .     (no shield)
rNeg   . . .     Faith    .     (helmet restricted)
rPois  .         Spirit   .     (no amulet)
rElec  .         Dismiss  .     (no ring)
rCorr  .         Reflect  .     (no ring)
SustAt .         Harm     .     (no ring)
MR     .....                    (no ring)
Stlth  ++........               (no ring)
                                (no ring)
                                (no ring)
                                (no ring)

@: appendage (expiring), not resistant to hostile enchantments, unstealthy
A: almost no armour, amphibious, 8 rings, constrict 8, tentacle spike 3,
camouflage 1, gelatinous body 1
a: End Transformation


You were on level 1 of the Dungeon.
You were not hungry.
One of your tentacles had a temporary spike.
You visited 1 branch of the dungeon, and saw 1 of its levels.

You collected 4 gold pieces.

Inventory:

Missiles
 a - 12 arrows
Jewellery
 g - an uncursed ring of stealth {unknown}
Scrolls
 d - 3 scrolls of enchant weapon {unknown}
 e - 2 scrolls of identify {unknown}
Potions
 f - a potion of curing {unknown}
Books
 b - a book of Changes

   Spells                             Type                      Level
   a - Beastly Appendage              Transmutation                1
   b - Sticks to Snakes               Transmutation                2
   c - Spider Form                    Transmutation/Poison         3
   d - Ice Form                       Ice/Transmutation            4
   e - Blade Hands                    Transmutation                5
Comestibles
 c - a bread ration


   Skills:
 - Level 1.0 Fighting
 - Level 2.0 Dodging
 + Level 3.2 Unarmed Combat
 - Level 2.0 Spellcasting
 * Level 2.6 Transmutations


You had 4 spell levels left.
You knew the following spells:

 Your Spells              Type           Power        Failure   Level  Hunger
a - Beastly Appendage     Tmut           #.....       10%         1    #......


Dungeon Overview and Level Annotations

Branches:
Dungeon (1/15)

Altars:


Innate Abilities, Weirdness & Mutations

You cannot wear most types of armour.
You are amphibious.
You can wear up to eight rings at the same time.
You can use your tentacles to constrict eight enemies at once.
Your skin changes colour to match your surroundings (Stealth+).
Your rubbery body absorbs attacks. (AC +1)
One of your tentacles bears a large vicious spike.


Message History

You barely miss the bat. Your grab misses the bat.
The bat is heavily wounded.
The bat hits you but does no damage. The bat hits you but does no damage. x2
You tentacle-slap the bat. Your grab misses the bat.
You pierce the bat.
You kill the bat!
The bat closely misses you. x2
You barely miss the bat. Your grab misses the bat.
You pierce the bat.
The bat is severely wounded.
The bat closely misses you. The bat misses you. The bat hits you.
* * * LOW HITPOINT WARNING * * *
You barely miss the bat. Your grab misses the bat.
The bat is severely wounded.
The bat hits you.
* * * LOW HITPOINT WARNING * * *
The bat hits you.
* * * LOW HITPOINT WARNING * * *
The bat hits you but does no damage. The bat hits you.
You die...

....#####
#.....'..###.
.... #.....##.#
... #.....##.# ..
#######.....##.#
#......#######.#
#..(...#######.##
#...............#
#......##########
#### ##@#######
.....##b##.....
###......#
#.'......#
#.#......#
#........#
#............
..............#
..............#


You could see a bat.

Vanquished Creatures
  A giant gecko (D:1)
  A bat (D:1)
  3 goblins (D:1)
  2 hobgoblins (D:1)
  A ball python (D:1)
  2 kobolds (D:1)
  A rat (D:1)
11 creatures vanquished.

Notes
Turn   | Place    | Note
--------------------------------------------------------------
     0 | D:1      | Ordine the Octopode Transmuter began the quest for the Orb.
     0 | D:1      | Reached XP level 1. HP: 13/13 MP: 3/3
   384 | D:1      | Reached XP level 2. HP: 10/18 MP: 5/5
   428 | D:1      | Slain by a bat

Vault maps used:
D:1:      minmay_arrival_glassed_features

Action                   || total
-------------------------++-------
Melee: Unarmed           ||    30
       Constrict         ||     7
       Tentacles         ||     5
       Punch             ||     1
       Kick              ||     5
 Cast: Beastly Appendage ||     4
Armor: Skin              ||     8
Dodge: Dodged            ||    20
